 Dungeon Crawl Stone Soup version 0.28-a0-1638-g9123634e07 (webtiles) character file.

Game seed: 16272550304569032336

128 testman the Sneak (level 5, -4/32 HPs)
             Began as a Kobold Brigand on Jan 25, 2022.
             Succumbed to a gnoll sergeant's poison
             ... on level 4 of the Dungeon.
             The game lasted 00:11:16 (3380 turns).

testman the Sneak (Kobold Brigand)                  Turns: 3380, Time: 00:11:16

Health: -4/32      AC:  3    Str:  8    XL:     5   Next: 33%
Magic:  5/5        EV: 18    Int: 12    God:
Gold:   82         SH:  0    Dex: 19    Spells: 4/4 levels left

rFire   . . .      SeeInvis .   a - +2 dagger
rCold   + . .      Faith    .   (no shield)
rNeg    . . .      Spirit   .   b - +0 robe
rPois   .          Reflect  .   (no helmet)
rElec   .          Harm     .   c - +0 cloak
rCorr   .          Rampage  .   (no gloves)
Will    .....                   (no boots)
Stlth   ++++......              (no amulet)
HPRegen 0.10/turn               j - +4 ring of evasion
MPRegen 0.09/turn               o - ring of protection from cold

@: lethally poisoned (-4 -> -40)
A: small, no large weapons, nightstalker 3
a: no special abilities


You were on level 4 of the Dungeon.
You visited 1 branch of the dungeon, and saw 4 of its levels.

You collected 102 gold pieces.
You spent 20 gold pieces at shops.

Inventory:

Hand Weapons
 a - a +2 dagger (weapon)
Missiles
 d - 6 poisoned darts (quivered)
 e - 2 curare-tipped darts
 i - 10 sling bullets
 r - 57 stones
Armour
 b - a +0 robe (worn)
 c - a +0 cloak (worn)
Jewellery
 j - a +4 ring of evasion (left hand)
 o - a ring of protection from cold (right hand)
Scrolls
 f - 3 scrolls of fog {unknown}
 g - 7 scrolls of fear {unknown}
 h - 3 scrolls of enchant armour {unknown}
 l - 2 scrolls of teleportation {unknown}
 m - a scroll of blinking {unknown}
 n - a scroll of immolation {unknown}
Potions
 p - a potion of ambrosia
 s - a potion of haste {unknown}


   Skills:
 + Level 3.3 Fighting
 + Level 4.1 Short Blades
 + Level 3.3 Throwing
 - Level 1.2 Dodging
 + Level 6.3 Stealth


You had 4 spell levels left.
You didn't know any spells.
Your spell library was empty.

Dungeon Overview and Level Annotations

Branches:
Dungeon (4/15)
 Temple: D:4-7

Altars:
Makhleb

Shops:
D:3 !?(*[


Innate Abilities, Weirdness & Mutations

You are small and have problems with some larger weapons.
You are completely attuned to the shadows.


Message History

The gnoll sergeant hits you with a +2 spear of venom!
You hit the gnoll sergeant but do no damage.
The gnoll sergeant is lightly wounded.
The gnoll sergeant hits you with a +2 spear of venom!
You are too injured to fight recklessly!
You are too injured to fight recklessly!
You are too injured to fight recklessly!
It was a potion of heal wounds.
You feel much better. The gnoll sergeant misses you.
The gnoll sergeant blocks your attack. The gnoll sergeant closely misses you.
You hit the gnoll sergeant.
The gnoll sergeant is lightly wounded.
The gnoll sergeant hits you with a +2 spear of venom.
You are poisoned.
You hit the gnoll sergeant.
The gnoll sergeant is lightly wounded.
You feel very sick.
Press: ? - help, v - describe, . - travel
Here: a gnoll sergeant, wielding a +2 spear of venom, wearing a +0 ring mail and wearing a +0 buckler (lightly wounded)
The floor.
You feel better. The gnoll sergeant closely misses you.
You hit the gnoll sergeant.
The gnoll sergeant is moderately wounded.
The gnoll sergeant hits you with a +2 spear of venom!
You are poisoned.
You hit the gnoll sergeant but do no damage.
The gnoll sergeant is moderately wounded.
You feel sick.
The gnoll sergeant hits you with a +2 spear of venom!
* * * LOW HITPOINT WARNING * * *
You are more poisoned.
You hit the gnoll sergeant but do no damage.
The gnoll sergeant is moderately wounded.
* * * LOW HITPOINT WARNING * * *
You feel very sick.
The gnoll sergeant hits you but does no damage.
You are more poisoned.
You barely miss the gnoll sergeant.
The gnoll sergeant is moderately wounded.
You die...

#.# #.# #.# ####.###.#
#.# .....#...##.# #.#
............# #.#
..g......######.##
#.....#.######...##
#(...##(..........#
#.#......g.......########
...###...@<............#
#.#. #.#######.#######.#
#.#. #.# #.# #.# #.# #.#
#.### ..# #...# #.#.#
#...# ##.## #.#


You could see a gnoll sergeant.

Vanquished Creatures
  A hound (D:3)
  4 adders
  An adder skeleton (D:4)
  A worm (D:2)
  A dart slug (D:2)
  2 orcs
  7 ball pythons
  8 bats
  2 endoplasms
  A giant cockroach (D:1)
  4 goblins
  2 hobgoblins
  3 quokkas
  2 frilled lizards (D:1)
  5 kobolds
  8 rats
52 creatures vanquished.

Notes
Turn   | Place    | Note
-------+----------+-------------------------------------------
     0 | D:1      | testman the Kobold Brigand began the quest for the Orb.
     0 | D:1      | Reached XP level 1. HP: 12/12 MP: 1/1
    60 | D:1      | Found a faded altar of an unknown god.
   198 | D:1      | Reached XP level 2. HP: 18/18 MP: 2/2
   727 | D:1      | Reached XP level 3. HP: 22/22 MP: 3/3
  1306 | D:2      | Reached XP level 4. HP: 27/27 MP: 4/4
  1428 | D:2      | Reached skill level 6 in Stealth
  1975 | D:3      | Found Rizibad's Magic Scroll Shop.
  1984 | D:3      | Bought a scroll of identify for 20 gold pieces
  1996 | D:3      | Found a burning altar of Makhleb.
  2272 | D:3      | Found Jewait's Antique Armour Emporium.
  2309 | D:3      | Found Ifufemmo's Weapon Shop.
  2377 | D:3      | Found Daiwaudeni's Assorted Antiques.
  2827 | D:3      | Found Coih's Distillery.
  3098 | D:4      | Noticed an orc warrior
  3098 | D:4      | Noticed a gnoll sergeant
  3260 | D:3      | Reached XP level 5. HP: 21/32 MP: 5/5
  3380 | D:4      | Succumbed to a gnoll sergeant's poison

Illustrated notes

Levels and vault maps discovered:
D:1:      minmay_arrival_loop, layout_basic, basic_ecumenical_altar
D:2:      kennysheep_six_static_rooms, layout_rooms
D:3:      layout_basic, mainiacjoe_overflow_catwalk, serial_shops, shop,
          nicolae_lakefront_shop, nicolae_shop_hallway_plus,
          nicolae_shop_statue_plus, shop, serial_bayou_pond_b,
          minmay_misc_feat_more_columns, serial_bayou_pond_c
D:4:      layout_loops_ring, mainiacjoe_overflow_alcove_1, minmay_liquid_box,
          minmay_shop_mass, minmay_manual_moon

Skill      XL: |  1  2  3  4 |
---------------+-------------+-----
Short Blades   | 3 4 |  4.1
Stealth        | 6 |  6.3
Fighting       | 3 |  3.3
Throwing       | 3 |  3.3
Dodging        | |  1.2

Action                   |  1- 3 |  4- 6 || total
-------------------------+-------+-------++-------
Melee: Dagger            |    57 |   114 ||   171
       Punch             |       |     3 ||     3
Throw: Dart              |       |     2 ||     2
  Use: Scroll            |       |     3 ||     3
       Potion            |       |     2 ||     2
 Stab: Sleeping          |    18 |     8 ||    26
Armor: Robe              |     8 |    12 ||    20
Dodge: Dodged            |    32 |    86 ||   118

Table legend: (Time is in decaauts)
 A = Elapsed time spent in this place.
 B = Non-inter-level travel time spent in this place.
 C = Inter-level travel time spent in this place.
 D = Time resting spent in this place.
 E = Time spent auto-exploring this place.
 F = Levels seen in this place.
 G = Mean time per level.
                   A        B        C        D        E       F      G
               +--------+--------+--------+--------+--------+-----+--------+
         Total |   3362 |   3286 |     76 |    558 |   2212 |   4 |  840.5 |
       Dungeon |   3362 |   3286 |     76 |    558 |   2212 |   4 |  840.5 |
               +--------+--------+--------+--------+--------+-----+--------+

Top non-repeatable levels by time:
     D:3: 1236 daAuts
     D:2: 1020 daAuts
     D:1: 930 daAuts
     D:4: 174 daAuts
